 Dungeon Crawl Stone Soup version bcrawl-1.20.1-3-gdcb1fc31ed (webtiles) character file.

Game seed: 10933250494568796582

6081 Freyura the Cruncher (level 10, -1/79 HPs)
             Began as a Demonspawn Gladiator on Jan 31, 2020.
             Was a Follower of Ashenzari.
             Killed by divine providence
             ... invoked by an orc priest
              (14 damage)
             ... on level 9 of the Dungeon.
             The game lasted 00:34:11 (10853 turns).

Freyura the Cruncher (Demonspawn Gladiator)        Turns: 10853, Time: 00:34:12

Health: -1/79      AC: 18    Str: 14    XL:     10   Next: 58%
Magic:  10/10      EV: 13    Int: 10    God:    Ashenzari [*.....]
Gold:   575        SH:  0    Dex: 25    Spells: 9/9 levels left

rFire    + . .     SeeInvis .   a - +0 quarterstaff (curse)
rCold    . . .     Gourm    .   (shield currently unavailable)
rNeg     . . .     Faith    .   s - +2 plate armour
rPois    .         Spirit   .   (helmet restricted)
rElec    .         Reflect  .   (no cloak)
rCorr    .         Harm     .   (gloves unavailable)
MR       .....                  (no boots)
Stlth    ..........             (no amulet)
HPRegen  0.23/turn              o - +3 ring of protection
MPRegen  0.12/turn              f - +1 ring of protection

@: agile, hasted, lightly drained, very quick
A: claws 3, horns 1, talons 1, agile 1, fire resistance 1, powered by pain 2,
screaming 1
a: Curse Item, Scrying, Renounce Religion


You were on level 9 of the Dungeon.
You worshipped Ashenzari.
Ashenzari was aware of your devotion.
You were near starving.

You visited 2 branches of the dungeon, and saw 10 of its levels.

You collected 575 gold pieces.

Inventory:

Hand Weapons
 a - a cursed +0 quarterstaff (weapon)
Missiles
 d - 4 throwing nets (quivered) {!f}
Armour
 h - a +0 scale mail
 m - a +1 leather armour of cold resistance
 s - a +2 plate armour (worn)
 x - the +5 leather armour of Subjectivity {rPois rC- Str-2 SInv}
   (You found it on level 6 of the Dungeon)

   It affects your strength (-2).
   It makes you vulnerable to cold.
   It protects you from poison.
   It lets you see invisible.
 A - the cursed +0 chain mail "Ucvu" {-Tele rN+ Int-2 Dex+6}
   (You took it off a wight on level 8 of the Dungeon)

   It affects your intelligence (-2).
   It affects your dexterity (+6).
   It protects you from negative energy.
   It prevents most forms of teleportation.
   It has a curse placed upon it.
Jewellery
 f - a +1 ring of protection (right claw)
 o - a +3 ring of protection (left claw)
 v - an uncursed ring of magical power
 z - an uncursed amulet of regeneration
Wands
 t - a wand of paralysis (3)
Scrolls
 c - a scroll of enchant weapon {unknown}
 g - a scroll of magic mapping
 i - 5 scrolls of teleportation
 j - 2 scrolls of immolation
 k - a scroll of identify
 q - a scroll of fog
 w - a scroll of fear
 y - 2 scrolls of remove curse
 B - a scroll of amnesia
 C - 3 scrolls of vulnerability {unknown}
Potions
 b - a potion of brilliance
 l - 2 potions of curing
 p - 2 potions of flight
 r - 2 potions of mutation
 u - a potion of agility
Comestibles
 e - 4 rations {!d}
 D - a chunk of flesh


   Skills:
 + Level 7.4(7.0) Fighting
 * Level 9.7(9.4) Staves
 - Level 1.7(1.4) Throwing
 + Level 6.4(6.1) Armour
 + Level 7.1(6.8) Dodging


You had 9 spell levels left.
You didn't know any spells.
Your spell library contained the following spells:

 Spells                   Type           Power        Failure   Level  Hunger
 Apportation              Tloc           #.....       100%        1    ##.....
 Beastly Appendage        Tmut           #.....       100%        1    ##.....
 Infusion                 Chrm           #.......     100%        1    ##.....
 Sandblast                Erth           #.....       100%        1    ##.....
 Slow                     Hex            #.......     100%        1    ##.....
 Summon Butterflies       Summ           #.......     100%        1    ##.....
 Sticks to Snakes         Tmut           #.......     100%        2    ###....
 Spider Form              Tmut/Pois      #..          100%        3    ####...
 Ice Form                 Ice/Tmut       #.......     100%        4    #####..
 Blade Hands              Tmut           #.........   100%        5    ######.


Dungeon Overview and Level Annotations

Branches:
Dungeon (9/12)             Temple (1/1) D:5            Lair (0/6) D:9
    Orc: D:8-11

Altars:
Ashenzari
Cheibriados
Dithmenos
Elyvilon
Gozag
Hepliaklqana
Kikubaaqudgha
Lugonu
Makhleb
Nemelex Xobeh
Okawaru
Qazlal
Ru
Sif Muna
Trog
Uskayaw
Vehumet
Wu Jian
Xom
Yredelemnul
Zin
The Shining One

Shops:
D:7 (


Innate Abilities, Weirdness & Mutations

You have claws for hands.
You have a pair of small horns on your head.
You have sharp toenails.
You sometimes gain power by taking damage.
You are agile. (Dex +2)
Your flesh is heat resistant. (rF+)
You occasionally shout uncontrollably at your foes.


Message History

You feel more agile all of a sudden.
The orc warrior shouts!
You hit the orc. You claw the orc. Your headbutt misses the orc.
The orc is moderately wounded.
You barely miss something. You headbutt something.
An orc comes into view.
It is wielding a +0 whip and wearing a +1 leather armour of poison resistance.
You sock something! Your kick misses something. You headbutt something.
Reactivating autopickup.
You feel a bit more experienced.
You closely miss the orc. You claw the orc, but do no damage.
The orc is moderately wounded.
You hit the orc. You claw the orc.
You kill the orc!
You sock the orc priest!
You claw the orc priest, but do no damage.
You headbutt the orc priest.
You kill the orc priest!
The orc priest mumbles some strange prayers to Beogh against you.
Beogh smites you!
You die...

...... ....
#.#####.o#
.)....oho##
.......o.o# .#
#.######oc######
#.# #oh.....# #.#
##o####.# #.# #@#
#.# #.# #. #.#
#.###.# #. #.#
##.#.#.# #. #.#
#......# #. #.#
#......## #.
............## #.
####.........####.
##..........##.
##............


You could see a warg, an orc warrior, a centaur, a hound, 2 orc priests and 5
orcs.

Vanquished Creatures
  A hydra (D:8)
  Pikel (D:8)
  A troll (D:7)
  Grinder (D:4)
  Prince Ribbit (D:6)
  Sigmund (D:3)
  A wraith (D:8)
  Eustachio (D:6)
  A steam dragon (D:7)
  4 hungry ghosts
  A warg (D:9)
  A water moccasin (D:6)
  Duvessa (D:4)
  4 orc warriors
  2 sky beasts
  A phantom (D:8)
  3 ogres
  3 centaurs
  5 bullfrogs
  Dowan (D:4)
  5 killer bees (D:7)
  A scorpion (D:4)
  2 wights (D:8)
  2 howler monkeys
  2 hounds
  A centaur zombie (D:4)
  2 orc priests
  2 jellies
  7 orc wizards
  4 iguanas
  Jessica (D:2)
  Terence (D:3)
  4 worker ants
  A hound zombie (D:5)
  A worker ant zombie (D:5)
  6 gnolls
  8 adders
  A shadow imp (D:3)
  An adder skeleton (D:6)
  9 worms
  A dart slug (D:3)
  4 leopard geckos
  18 orcs
  2 ball pythons
  4 bats
  A giant cockroach (D:1)
  11 goblins
  8 hobgoblins
  3 jackals
  11 kobolds
  6 quokkas
  6 frilled lizards
  4 rats
175 creatures vanquished.

Vanquished Creatures (others)
  2 slaves (D:8)
  A wight (D:8)
  A worker ant zombie (D:8)
  An orc (D:8)
  2 jackals (D:8)
  A plant (D:9)
8 creatures vanquished.

Grand Total: 183 creatures vanquished

Notes
Turn   | Place    | Note
-------+----------+-------------------------------------------
     0 | D:1      | Freyura the Demonspawn Gladiator began the quest for the
                  | Orb.
     0 | D:1      | Reached XP level 1. HP: 16/16 MP: 1/1
     8 | D:1      | Noticed a water moccasin
     8 | D:1      | Noticed a hog
     8 | D:1      | Noticed a wyvern
     8 | D:1      | Noticed a black bear
   133 | D:1      | Gained mutation: You have sharp fingernails. [demonic
                  | ancestry]
   133 | D:1      | Reached XP level 2. HP: 22/22 MP: 2/2
   246 | D:1      | Reached skill level 3 in Staves
   924 | D:2      | Noticed Jessica
   930 | D:2      | Killed Jessica
   930 | D:2      | Reached skill level 1 in Armour
   930 | D:2      | Gained mutation: You have sharp toenails. [demonic
                  | ancestry]
   930 | D:2      | Reached XP level 3. HP: 28/28 MP: 3/3
  1352 | D:2      | Gained mutation: You have a pair of small horns on your
                  | head. [demonic ancestry]
  1352 | D:2      | Reached XP level 4. HP: 29/34 MP: 4/4
  1847 | D:2      | Found an ornate altar of the Wu Jian Council.
  1919 | D:3      | Noticed Sigmund
  1926 | D:3      | Killed Sigmund
  1926 | D:3      | Reached skill level 4 in Staves
  1926 | D:3      | Reached XP level 5. HP: 41/41 MP: 5/5
  2102 | D:3      | Noticed Terence
  2117 | D:3      | Killed Terence
  2117 | D:3      | Gained mutation: You have very sharp fingernails. [demonic
                  | ancestry]
  2117 | D:3      | Reached XP level 6. HP: 43/47 MP: 6/6
  2352 | D:3      | Noticed a sky beast
  2369 | D:3      | Killed a sky beast
  3081 | D:3      | Reached skill level 5 in Staves
  3238 | D:4      | Gained mutation: You sometimes gain a little power by
                  | taking damage. [demonic ancestry]
  3238 | D:4      | Reached XP level 7. HP: 53/53 MP: 7/7
  3373 | D:4      | Noticed Grinder
  3385 | D:4      | Paralysed by Grinder for 2 turns
  3393 | D:4      | Killed Grinder
  3734 | D:4      | Noticed Duvessa
  3738 | D:4      | Noticed Dowan
  3745 | D:4      | Killed Duvessa
  3779 | D:4      | Killed Dowan
  3944 | D:4      | Found a shimmering blue altar of Sif Muna.
  4080 | D:4      | Reached skill level 6 in Staves
  4080 | D:4      | Reached XP level 8. HP: 53/61 MP: 8/8
  4296 | D:5      | Entered Level 5 of the Dungeon
  4793 | D:5      | Reached skill level 5 in Dodging
  4867 | D:5      | Reached skill level 5 in Fighting
  5391 | D:5      | Found a staircase to the Ecumenical Temple.
  5399 | Temple   | Entered the Ecumenical Temple
  5426 | Temple   | Became a worshipper of Ashenzari the Shackled
  5729 | D:6      | Found a basalt altar of Yredelemnul.
  5729 | D:6      | Found an iron altar of Okawaru.
  5802 | D:6      | Reached skill level 7 in Staves
  6310 | D:6      | Got the uncursed leather armour of Subjectivity {rPois rC-
                  | Str-2 SInv}
  6365 | D:6      | Noticed Prince Ribbit
  6373 | D:6      | Killed Prince Ribbit
  6373 | D:6      | Gained mutation: You sometimes gain power by taking damage.
                  | [demonic ancestry]
  6373 | D:6      | Reached XP level 9. HP: 6/68 MP: 9/9
  6830 | D:6      | Noticed Eustachio
  6839 | D:6      | Killed Eustachio
  6947 | D:6      | Reached skill level 5 in Armour
  7005 | D:6      | Found a bloodstained altar of Trog.
  7286 | D:7      | Reached skill level 8 in Staves
  7309 | D:7      | Gained mutation: Your flesh is heat resistant. (rF+)
                  | [potion of mutation]
  7309 | D:7      | Gained mutation: You occasionally shout uncontrollably at
                  | your foes. [potion of mutation]
  7309 | D:7      | Gained mutation: You are agile. (Dex +2) [potion of
                  | mutation]
  7682 | D:7      | Noticed a troll
  7692 | D:7      | Killed a troll
  8127 | D:7      | Found Goukh's Weapon Emporium.
  8767 | D:8      | Noticed Pikel
  8785 | D:8      | Killed Pikel
  8785 | D:8      | Reached skill level 9 in Staves
  8785 | D:8      | Gained mutation: You have claws for hands. [demonic
                  | ancestry]
  8785 | D:8      | Reached XP level 10. HP: 54/77 MP: 10/10
  8868 | D:8      | Noticed a five-headed hydra
  8881 | D:8      | HP: 2/77 [five-headed hydra (9)]
  8882 | D:8      | Killed a five-headed hydra
  9548 | D:8      | Found a snail-covered altar of Cheibriados.
  9667 | D:8      | Identified the cursed +0 chain mail "Ucvu" {-Tele rN+ Int-2
                  | Dex+6}
  9990 | D:8      | Found a burning altar of Makhleb.
 10258 | D:8      | Reached * piety under Ashenzari
 10459 | D:9      | Found a bloodstained altar of Trog.
 10803 | D:9      | Identified the +10 shortbow "Lahe" {venom, rElec rF+}
 10803 | D:9      | Found a staircase to the Lair.
 10853 | D:9      | Killed from afar by an orc priest

Skill      XL: |  1  2  3  4  5  6  7  8  9 10 |
---------------+-------------------------------+-----
Staves         | 3 4 5 6 7 9 |  9.7
Armour         | 1 2 3 4 5 6 |  6.4
Dodging        | 3 4 5 6 7 |  7.1
Fighting       | 3 4 5 6 7 |  7.4
Throwing       | |  1.7

Action                   |  1- 3 |  4- 6 |  7- 9 | 10-12 || total
-------------------------+-------+-------+-------+-------++-------
Melee: Quarterstaff      |    82 |   123 |   385 |   169 ||   759
       Kick              |     6 |    34 |   115 |    56 ||   211
       Headbutt          |       |    19 |    79 |    39 ||   137
Invok: Curse Item        |       |       |     1 |       ||     1
  Use: Scroll            |       |     9 |     7 |       ||    16
       Potion            |       |     1 |    11 |     4 ||    16
 Stab: Sleeping          |     1 |     1 |     1 |       ||     3
  Eat: Chunk             |     1 |     6 |     9 |     3 ||    19
       Ration            |       |       |     5 |     1 ||     6
Armor: Leather armour    |    23 |     2 |    31 |       ||    56
       Ring mail         |    12 |     8 |       |       ||    20
       Scale mail        |       |    53 |    99 |       ||   152
       Plate armour      |       |       |    35 |   109 ||   144
Dodge: Dodged            |    53 |    53 |   250 |    42 ||   398
